 Dungeon Crawl Stone Soup version 0.22.0 (webtiles) character file.

12789 Freyura the Cleaver (level 11, -10/97 HPs)
             Began as a Minotaur Fighter on Aug 10, 2018.
             Was an Elder of the Shining One.
             Mangled by a freezing wraith (11 damage)
             ... on level 11 of the Dungeon.
             The game lasted 00:53:25 (9380 turns).

Freyura the Cleaver (Minotaur Fighter)              Turns: 9380, Time: 00:53:26

Health: -10/97     AC: 18    Str: 27    XL:     11   Next: 67%
Magic:  14/14      EV: 10    Int:  5    God:    the Shining One [****..]
Gold:   754        SH: 13    Dex: 12    Spells: 10/10 levels left

rFire    . . .     SeeInvis .   D - +4 war axe
rCold    + . .     Gourm    .   c - +1 shield
rNeg     + + .     Faith    .   l - +0 plate armour
rPois    .         Spirit   .   s - +0 hat
rElec    .         Reflect  .   u - +1 cloak
rCorr    +         Harm     .   (no gloves)
MR       +....                  b - +0 pair of boots "Omashiet" {+Blink}
Stlth    ..........             p - amulet of regeneration
HPRegen  0.66/turn              e - ring of resist corrosion
MPRegen  0.14/turn              a - ring of protection from magic

@: mighty, slowed, glowing, very slow
A: retaliatory headbutt, horns 2, cold resistance 1, MP-powered wands
a: Divine Shield, Cleansing Flame, Renounce Religion, Evoke Blink


You were on level 11 of the Dungeon.
You worshipped the Shining One.
The Shining One was greatly pleased with you.
You were full.

You visited 2 branches of the dungeon, and saw 12 of its levels.
You visited the Abyss 1 time.
You also visited: Sewer.

You collected 754 gold pieces.

Inventory:

Hand Weapons
 D - a +4 war axe (weapon)
Armour
 b - the +0 pair of boots "Omashiet" (worn) {+Blink}
   (You found it on level 8 of the Dungeon)

   It lets you blink.
 c - a +1 shield (worn)
 l - a +0 plate armour (worn)
 s - a +0 hat (worn)
 u - a +1 cloak (worn)
 F - the +1 chain mail "Buh Qyoj" {+Inv rN++ Int-5 SInv}
   (You found it on level 10 of the Dungeon)

   It affects your intelligence (-5).
   It greatly protects you from negative energy.
   It lets you see invisible.
   It lets you turn invisible.
Jewellery
 a - a ring of protection from magic (right hand)
 e - a ring of resist corrosion (left hand)
 p - an amulet of regeneration (around neck)
Wands
 d - a wand of disintegration (15)
 E - a wand of iceblast (15)
 G - a wand of digging (17)
Scrolls
 g - a scroll of enchant armour
 h - 8 scrolls of teleportation
 k - 3 scrolls of immolation {unknown}
 m - a scroll of summoning {unknown}
 n - 3 scrolls of amnesia
 o - 4 scrolls of remove curse
 r - 4 scrolls of identify
 t - a scroll of random uselessness {unknown}
 v - 3 scrolls of enchant weapon {unknown}
 y - a scroll of blinking {unknown}
 A - 3 scrolls of fog
Potions
 i - 5 potions of flight
 j - 3 potions of heal wounds {unknown}
 q - a potion of lignification
 w - a potion of might
 x - a potion of cancellation {unknown}
 z - a potion of resistance
 B - a potion of agility
 C - 2 potions of ambrosia {unknown}
Comestibles
 f - 12 rations


   Skills:
 + Level 9.5 Fighting
 * Level 12.3 Axes
 + Level 9.6 Armour
 + Level 7.9 Dodging
 + Level 9.6 Shields
 + Level 5.6 Invocations


You had 10 spell levels left.
You didn't know any spells.
Your spell library was empty.

Dungeon Overview and Level Annotations

Branches:
Dungeon (11/15)            Temple (1/1) D:5
   Lair: D:8-11         Orc: D:9-12

Altars:
Ashenzari
Cheibriados
Dithmenos
Elyvilon
Fedhas
Gozag
Hepliaklqana
Kikubaaqudgha
Makhleb
Nemelex Xobeh
Okawaru
Qazlal
Ru
Sif Muna
Trog
Uskayaw
Vehumet
Wu Jian
Xom
Yredelemnul
Zin
The Shining One

Shops:
D:10 %

Annotations:
D:11 Sonja


Innate Abilities, Weirdness & Mutations

You reflexively headbutt those who attack you in melee.
You have a pair of horns on your head.
Your flesh is cold resistant. (rC+)
You expend magic power (3 MP) to strengthen your wands.


Message History

You block the freezing wraith's attack.
You hit the freezing wraith but do no damage.
The freezing wraith is heavily damaged.
You slash the yak!
You kill the yak!
You block the freezing wraith's attack. x2; The porcupine barely misses you.
You slice the freezing wraith!!
The freezing wraith is almost destroyed.
You slice the porcupine!!
You kill the porcupine!
The freezing wraith hits you!
* * * LOW HITPOINT WARNING * * *
The freezing wraith freezes you! You resist.
* * * LOW HITPOINT WARNING * * *
The freezing wraith hits you but does no damage.
The porcupine closely misses you. You furiously retaliate!
You headbutt the porcupine. The freezing wraith hits you.
* * * LOW HITPOINT WARNING * * *
The freezing wraith freezes you! You resist.
You die... #...#.# #...#.# .PWW..r

#...#.#### .PF@...
#...#....# ..PP...
#†#......# ...P..P
#.##.....# ....P P
#.##..#### ... .P.
+.....######h#..P..
#..#.>..W@rWZO.....
#.##############P..
#.#########
#..<.......
#..######## #..#
#..# ########..#
.........##


You could see a freezing wraith, a wraith, a black bear, an ogre, a porcupine
and a bullfrog skeleton.

Vanquished Creatures
  Josephine (D:11)
  Harold (D:7)
  3 starcursed masses (Abyss:2)
  Pikel (D:7)
  Maurice (D:8)
  The ghost of IceCat the Basher, a novice GrFi of Okawaru (D:4)
  A centaur zombie (D:11)
  2 trolls
  Grinder (D:5)
  A hippogriff (D:7)
  4 wraiths (D:11)
  5 yaks
  Eustachio (D:4)
  A wyvern (D:9)
  A large abomination (Abyss:2)
  A human (D:8)
  Grum (D:8)
  3 hogs (D:8)
  A soldier ant (D:10)
  3 porcupines (D:11)
  3 orc warriors
  2 black bears
  6 ice beasts
  A sky beast (D:9)
  3 phantoms
  4 wolves (D:8)
  5 ogres
  10 centaurs
  2 big kobolds (D:7)
  6 bullfrogs
  A gnoll sergeant (D:10)
  A wyvern zombie (D:9)
  7 killer bees (D:10)
  A howler monkey (D:5)
  2 bullfrog zombies (D:4)
  6 crimson imps
  3 jellies
  3 hounds
  4 orc priests
  3 centaur skeletons
  Jessica (D:2)
  Terence (D:2)
  4 orc wizards
  Natasha (thrice) (D:2)
  9 worker ants
  2 hound skeletons
  A worker ant zombie (D:9)
  14 gnolls
  3 howler monkey skeletons
  13 adders
  3 shadow imps
  4 oozes
  2 adder skeletons
  An adder zombie (D:9)
  5 dart slugs
  8 worms
  6 leopard geckos
  30 orcs
  17 bats
  9 giant cockroaches
  15 goblins
  12 hobgoblins
  11 jackals
  4 quokkas
  2 ball pythons
  7 frilled lizards
  A jackal skeleton (D:4)
  17 kobolds
  3 rats
315 creatures vanquished.

Vanquished Creatures (others)
  A slave (D:7)
  An orc priest (D:7)
  A leopard gecko (D:3)
  9 fungi (D:11)
  9 plants (D:11)
21 creatures vanquished.

Grand Total: 336 creatures vanquished

Notes
Turn   | Place    | Note
-------+----------+-------------------------------------------
     0 | D:1      | Freyura the Minotaur Fighter began the quest for the Orb.
     0 | D:1      | Reached XP level 1. HP: 19/19 MP: 0/0
    98 | D:1      | Reached XP level 2. HP: 26/27 MP: 1/1
   154 | D:1      | Reached skill level 3 in Axes
   398 | D:1      | Reached XP level 3. HP: 33/33 MP: 2/2
   432 | D:1      | Reached skill level 1 in Dodging
   766 | D:2      | Noticed Jessica
   773 | D:2      | Killed Jessica
   773 | D:2      | Reached XP level 4. HP: 35/40 MP: 3/3
   874 | D:2      | Noticed Natasha
   886 | D:2      | Killed Natasha
   886 | D:2      | Reached skill level 4 in Axes
   910 | D:2      | Noticed Natasha
   915 | D:2      | Killed Natasha
  1273 | D:2      | Reached XP level 5. HP: 47/47 MP: 4/4
  1284 | D:2      | Noticed Terence
  1291 | D:2      | Killed Terence
  1343 | D:2      | Noticed Natasha
  1349 | D:2      | Killed Natasha
  1613 | D:2      | Gained mutation: Your flesh is cold resistant. (rC+) [potion of mutation]
  1613 | D:2      | Gained mutation: You expend magic power (3 MP) to strengthen your wands. [potion of mutation]
  1624 | D:3      | Noticed a centaur
  1635 | D:3      | Killed a centaur
  1635 | D:3      | Reached skill level 5 in Axes
  1635 | D:3      | Reached XP level 6. HP: 44/53 MP: 5/5
  2162 | D:4      | Reached skill level 5 in Fighting
  2225 | D:4      | Reached skill level 5 in Armour
  2227 | D:4      | Reached skill level 5 in Shields
  2268 | D:4      | Found a transporter.
  2278 | D:4      | Found a transporter.
  2279 | D:4      | Noticed an ice beast
  2291 | D:4      | Found a transporter.
  2293 | D:4      | Noticed IceCat's ghost (novice GrFi)
  2350 | D:4      | Reached XP level 7. HP: 57/61 MP: 6/6
  2453 | D:4      | Found a transporter.
  2484 | D:4      | Reached skill level 6 in Axes
  2826 | D:4      | Noticed Eustachio
  2847 | D:4      | Killed Eustachio
  3124 | D:4      | Killed IceCat's ghost
  3124 | D:4      | Reached skill level 7 in Axes
  3124 | D:4      | Reached XP level 8. HP: 31/70 MP: 7/7
  3341 | D:4      | Reached skill level 8 in Axes
  3374 | D:4      | Upgraded the game from 0.22-b1-59-g0aedee734a to 0.22.0
  3396 | D:5      | Entered Level 5 of the Dungeon
  3420 | D:5      | Found a staircase to the Ecumenical Temple.
  3437 | Temple   | Entered the Ecumenical Temple
  3449 | Temple   | Became a worshipper of the Shining One
  3790 | D:5      | Noticed Grinder
  3802 | D:5      | Killed Grinder
  3872 | D:5      | Reached skill level 1 in Invocations
  3872 | D:5      | Reached XP level 9. HP: 78/78 MP: 8/8
  4399 | D:6      | Reached skill level 5 in Dodging
  4473 | D:6      | Found a glowing drain.
  4489 | Sewer    | Entered a sewer
  5636 | D:7      | Noticed Harold
  5647 | D:7      | Killed Harold
  5647 | D:7      | Reached skill level 9 in Axes
  5783 | D:7      | Reached * piety under the Shining One
  5851 | D:7      | Reached skill level 10 in Axes
  5874 | D:7      | Reached XP level 10. HP: 88/88 MP: 11/11
  5902 | D:7      | Noticed Pikel
  5915 | D:7      | Killed Pikel
  6883 | D:8      | Noticed Maurice
  6908 | D:8      | Got a pair of slimy boots
  6914 | D:8      | Identified the +0 pair of boots "Omashiet" {+Blink} (You found it on level 8 of the Dungeon)
  6916 | D:8      | Noticed Grum
  6940 | D:8      | Killed Grum
  7090 | D:8      | Reached ** piety under the Shining One
  7206 | D:8      | Killed Maurice
  7334 | D:9      | Found a deep blue altar of Sif Muna.
  7339 | D:9      | Reached skill level 11 in Axes
  7546 | D:9      | Found a blossoming altar of Fedhas.
  8071 | D:10     | Entered Level 10 of the Dungeon
  8179 | D:10     | Reached XP level 11. HP: 82/95 MP: 13/13
  8254 | D:10     | Got a bloodstained chain mail
  8265 | D:10     | Identified the cursed +1 chain mail "Buh Qyoj" {+Inv rN++ Int-5 SInv} (You found it on level 10 of the Dungeon)
  8265 | D:10     | Lost intelligence.
  8342 | D:10     | Found Alexip's Food Shoppe.
  8444 | D:10     | Reached *** piety under the Shining One
  8765 | D:11     | Noticed Sonja
  8789 | D:11     | Cast into level 2 of the Abyss (Sonja)
  8900 | Abyss:2  | Noticed a starcursed mass
  8927 | Abyss:2  | Killed a starcursed mass
  8929 | Abyss:2  | Killed a starcursed mass
  8930 | Abyss:2  | Killed a starcursed mass
  8932 | Abyss:2  | Noticed a thrashing horror
  8934 | D:11     | Escaped the Abyss
  8941 | D:11     | The Shining One protects you from harm!
  9202 | D:11     | Reached skill level 5 in Invocations
  9323 | D:11     | Noticed Josephine
  9333 | D:11     | Reached skill level 12 in Axes
  9341 | D:11     | Reached **** piety under the Shining One
  9353 | D:11     | Killed Josephine
  9380 | D:11     | HP: 3/97 [freezing wraith (7)]
  9380 | D:11     | HP: 1/97 [freezing wraith (2)]
  9380 | D:11     | Mangled by a freezing wraith

Skill      XL: |  1  2  3  4  5  6  7  8  9 10 11 |
---------------+----------------------------------+-----
Axes           | 3 4 5 7 8 10 11 12 | 12.3
Dodging        | 1 2 4 6 7 |  7.9
Shields        | 4 5 6 7 8 9 |  9.6
Armour         | 4 5 6 7 8 9 |  9.6
Fighting       | 4 5 6 7 8 9 |  9.5
Invocations    | 1 3 4 5 |  5.6

Action                   |  1- 3 |  4- 6 |  7- 9 | 10-12 || total
-------------------------+-------+-------+-------+-------++-------
Melee: War axe           |    73 |   156 |   244 |   343 ||   816
       Headbutt          |    15 |    23 |    43 |    82 ||   163
  Use: Scroll            |     1 |     7 |     6 |     4 ||    18
       Potion            |       |     1 |     6 |     4 ||    11
  Eat: Ration            |       |     2 |     4 |     4 ||    10
Armor: Scale mail        |    50 |    55 |    81 |     2 ||   188
       Plate armour      |       |       |       |   142 ||   142
Dodge: Dodged            |    24 |    58 |    82 |   111 ||   275
Block: Shield            |    39 |    88 |   168 |   223 ||   518
